 Dungeon Crawl Stone Soup version 0.32-a0-685-g93135e86f0 (webtiles) character file.

Game seed: 1865999749610898214

56 Nietzsche the Cudgeller (level 3, -5/27 HPs)
             Began as a Demonspawn Gladiator on Mar 12, 2024.
             Slain by Crazy Yiuf
             ... wielding a +3 quarterstaff of chaos
              (12 damage)
             ... on level 2 of the Dungeon.
             The game lasted 00:02:01 (851 turns).

Nietzsche the Cudgeller (Demonspawn Gladiator)       Turns: 851, Time: 00:02:01

Health: -5/27      AC:  6    Str: 14    XL:     3   Next: 71%
Magic:  3/3        EV: 12    Int: 10    God:
Gold:   10         SH:  0    Dex: 14    Spells: 2/2 levels left

rFire   . . .        a - +0 flail
rCold   . . .        (no shield)
rNeg    . . .        b - +0 leather armour
rPois   .            c - +0 helmet
rElec   .            (no cloak)
rCorr   .            (no gloves)
SInv    .            (no boots)
Will    .....        (no amulet)
Stlth   +            (no ring)
HPRegen 0.24/turn    (no ring)
MPRegen 0.08/turn

%: no passive effects
@: no status effects
A: hooves 1, thin metallic scales 1
a: no special abilities


You were on level 2 of the Dungeon.
You visited 1 branch of the dungeon, and saw 2 of its levels.

You collected 10 gold pieces.

Inventory:

Hand Weapons
 a - a +0 flail (weapon)
Missiles
 d - 3 throwing nets (quivered)
 e - 3 javelins
Armour
 b - a +0 leather armour (worn)
 c - a +0 helmet (worn)
Jewellery
 j - a ring of fire
Scrolls
 k - a scroll of fear {unknown}
Potions
 f - a potion of lignification {unknown}
 g - a potion of heal wounds {unknown}
 h - 3 potions of curing {unknown}
 i - a potion of magic {unknown}


   Skills:
 + Level 2.0 Fighting
 + Level 3.5 Maces & Flails
 + Level 2.1 Throwing
 + Level 0.1 Armour
 + Level 3.3 Dodging


You had 2 spell levels left.
You didn't know any spells.
Your spell library contained the following spells:

 Spells                   Type           Power      Damage    Failure   Level
 Call Imp                 Summ           0%         N/A       58%         2
 Sublimation of Blood     Necr           0%         N/A       58%         2
 Summon Hydra             Summ           0%         N/A       100%        7


Dungeon Overview and Level Annotations

Branches:
Dungeon (2/15)

Altars:

Shops:
D:1 *

Annotations:
D:2 Crazy Yiuf


Innate Abilities, Weirdness & Mutations

You have large cloven feet.
You are partially covered in thin metallic scales. (AC +2)


Message History

You feel sick. The quokka closely misses you. The adder misses you.
The quokka closely misses you. The adder completely misses you.
You thump the adder!
You kill the adder!
You feel sick.
You are no longer poisoned.
The quokka closely misses you.
You closely miss the quokka.
The quokka bites you but does no damage.
The quokka misses you.
You sock the quokka!
You kill the quokka!
No target in view!
No target in view!
No target in view!
Found four hammers.
Found a runed translucent door.
Found a hammer.
Crazy Yiuf shouts!
Crazy Yiuf whimpers, "Peeping!"
Crazy Yiuf cries, "Flower blue bush!"
Found a runed hammer.
Crazy Yiuf laughs, "Paint!
Iron Orb Guardian light."
You see here a +0 hammer.
As you open the door, it creaks loudly!
You hit Crazy Yiuf. Your kick misses Crazy Yiuf.
Crazy Yiuf is lightly wounded.
Crazy Yiuf hits you with a +3 quarterstaff of chaos!
Crazy Yiuf barely misses you.
You closely miss Crazy Yiuf.
Crazy Yiuf is lightly wounded.
Crazy Yiuf closely misses you.
You hit Crazy Yiuf.
Crazy Yiuf is moderately wounded.
Crazy Yiuf hits you with a +3 quarterstaff of chaos.
You convulse!
* * * LOW HITPOINT WARNING * * *
You closely miss Crazy Yiuf. You kick Crazy Yiuf.
Crazy Yiuf is heavily wounded.
Crazy Yiuf hits you with a +3 quarterstaff of chaos!
You die...

.
###....#
. #....#
♣....♣
♣♣...♣
♣♣.♣♣
♣♣.♣
♣.♣♣
♣♣.♣
♣@♣♣ #g#
.))
#)).#
#)..#
#####


You could see Crazy Yiuf.

Vanquished Creatures
  2 adders (D:2)
  A dart slug (D:1)
  4 ball pythons
  3 endoplasms (D:1)
  A giant cockroach (D:1)
  2 goblins
  8 hobgoblins
  3 jackals (D:1)
  A quokka (D:2)
  3 frilled lizards
  3 kobolds (D:1)
  A rat (D:1)
32 creatures vanquished.

Notes
Turn   | Place    | Note
-------+----------+-------------------------------------------
     0 | D:1      | Nietzsche the Demonspawn Gladiator began the quest for the
                  | Orb.
     0 | D:1      | Reached XP level 1. HP: 16/16 MP: 1/1
   173 | D:1      | Gained mutation: You have large cloven feet. [demonic
                  | ancestry]
   173 | D:1      | Reached XP level 2. HP: 20/22 MP: 2/2
   502 | D:1      | Found Dunwoloi's Assorted Antiques.
   513 | D:1      | Gained mutation: You are partially covered in thin metallic
                  | scales. (AC +2) [demonic ancestry]
   513 | D:1      | Reached XP level 3. HP: 19/27 MP: 3/3
   843 | D:2      | Found a runed translucent door.
   844 | D:2      | Noticed Crazy Yiuf
   851 | D:2      | Slain by Crazy Yiuf

Illustrated notes

Levels and vault maps discovered:
D:1:      minmay_arrival_semitransparent, layout_basic, serial_shops, shop
D:2:      layout_loops_corners, uniq_crazy_yiuf_cottage, uniq_terence,
          uniq_natasha

Skill      XL: |  1  2 |
---------------+-------+-----
Throwing       | 2 |  2.1
Maces & Flails | 3 |  3.5
Dodging        | 3 |  3.3
Fighting       | |  2.0
Armour         | |  0.1

Action                     || total
---------------------------++-------
  Melee: Flail             ||    88
         Kick              ||    18
 Armour: Leather armour    ||    60
  Dodge: Dodged            ||    62

Table legend: (Time is in decaauts)
 A = Elapsed time spent in this place.
 B = Non-inter-level travel time spent in this place.
 C = Inter-level travel time spent in this place.
 D = Time resting spent in this place.
 E = Time spent auto-exploring this place.
 F = Levels seen in this place.
 G = Mean time per level.
                   A        B        C        D        E       F      G
               +--------+--------+--------+--------+--------+-----+--------+
         Total |    873 |    845 |     28 |      0 |    629 |   2 |  436.5 |
       Dungeon |    873 |    845 |     28 |      0 |    629 |   2 |  436.5 |
               +--------+--------+--------+--------+--------+-----+--------+

Top non-repeatable levels by time:
     D:1: 735 daAuts
     D:2: 137 daAuts
